 Dungeon Crawl Stone Soup version 0.26-a0-597-gb535b0901c (webtiles) character file.

Game seed: 13064875320088191688

(classic levelgen) 309556 EnegeticOcto the Fetichist (level 19, -5/144 HPs)
             Began as a Deep Dwarf Fighter on Aug 27, 2020.
             Was the Champion of Makhleb.
             Slain by a deathcap (6 damage)
             ... summoned by a curse toe
             ... on level 5 of the Realm of Zot.
             The game lasted 00:24:07 (17892 turns).

EnegeticOcto the Fetichist (Deep Dwarf Fighter)    Turns: 17892, Time: 00:24:07

Health: -5/144     AC: 42    Str: 31      XL:     19   Next: 99%
Magic:  0/0        EV:  3    Int:  8 (9)  God:    Makhleb [******]
Gold:   1739       SH:  0    Dex:  8      Spells: 18/18 levels left

rFire    + + +     SeeInvis .   D - +3 Elemental Staff {rElec rF++ rC++ MR++ AC+5}
rCold    + + +     Faith    .   T - +0 kite shield of Indestructible Mirth {rPois rCorr Slay+5 Stlth+} (curse)
rNeg     + . .     Spirit   .   Z - +5 gold dragon scales
rPois    +         Reflect  +   (helmet restricted)
rElec    +         Harm     .   w - scarf {rC+ rF+}
rCorr    +                      E - +3 pair of gloves of Yclomomnoe {Str+3}
MR       ++++.                  G - +2 pair of boots {rampage}
Stlth    ..........             z - amulet of reflection
HPRegen  0.00/turn              M - ring of resist corrosion
MPRegen  0.07/turn              F - +4 ring of protection

@: confused, non-regenerating, constricted, drained
A: damage resistance, heal wounds, horns 1, blurry vision 1, clumsy 2,
deterioration 1, frail 2, low mp 2, negative energy resistance 1, sense
surroundings 3, no regeneration
0: Orb of Zot
}: 3/15 runes: serpentine, barnacled, slimy
a: Heal Wounds, Minor Destruction, Lesser Servant of Makhleb, Major Destruction,
Greater Servant of Makhleb, Renounce Religion


You were on level 5 of the Realm of Zot.
You worshipped Makhleb.
Makhleb was exalted by your worship.
You visited 8 branches of the dungeon, and saw 45 of its levels.
You also visited: Gauntlet.

You collected 4231 gold pieces.
You spent 2492 gold pieces at shops.

Inventory:

Hand Weapons
 v - a +2 scimitar of flaming
 x - a +3 war axe
 D - the +3 Elemental Staff (weapon) {rElec rF++ rC++ MR++ AC+5}
   (You acquired it on level 12 of the Dungeon)

   It affects your AC (+5).
   It greatly protects you from fire.
   It greatly protects you from cold.
   It insulates you from electricity.
   It affects your resistance to hostile enchantments.
Missiles
 U - a throwing net (quivered)
Armour
 f - a +1 cloak of poison resistance
 g - a +0 helmet
 w - a scarf of resistance (worn)
 B - a +0 pair of boots
 E - the +3 pair of gloves of Yclomomnoe (worn) {Str+3}
   (You found it on level 12 of the Dungeon)

   It affects your strength (+3).
 G - a +2 pair of boots of rampaging (worn)
 T - the cursed +0 kite shield of Indestructible Mirth (worn) {rPois rCorr Slay+5 Stlth+}
   (You took it off Donald on level 4 of the Snake Pit)

   It affects your accuracy and damage with ranged weapons and melee attacks
   (+5).
   It protects you from poison.
   It provides partial protection from all sources of acid and corrosion.
   It makes you more stealthy.
   It has a curse placed upon it.
 Z - +5 gold dragon scales (worn)
Jewellery
 b - an uncursed amulet of faith
 j - an uncursed ring of protection from fire
 l - a cursed ring of teleportation {unknown}
 s - the amulet of Mineab {Reflect +Inv Str+4 SH+5, unknown}
   (You found it on level 5 of the Pits of Slime)

   [amulet of reflection]

   It shields you and reflects attacks.
   It affects your strength (+4).
   It lets you turn invisible.
   It affects your SH (+5).
 z - an amulet of reflection (around neck)
 F - a +4 ring of protection (right hand)
 K - the cursed ring "Fylimoix" {rC+ rN+ MR+ Str-4 Int-2}
   (You found it in a Gauntlet)

   [ring of strength]

   It affects your strength (-4).
   It affects your intelligence (-2).
   It protects you from cold.
   It protects you from negative energy.
   It affects your resistance to hostile enchantments.
   It has a curse placed upon it.
 M - a ring of resist corrosion (left hand)
 Q - an uncursed ring of fire {unknown}
 S - a +6 ring of strength {unknown}
 V - the ring "Goys" {Ice rElec MR+ Dex+4 Slay+3, unknown}
   (You found it on level 5 of the Pits of Slime)

   [ring of ice]

   It enhances your ice magic.
   It affects your dexterity (+4).
   It affects your accuracy and damage with ranged weapons and melee attacks
   (+3).
   It makes you vulnerable to fire.
   It protects you from cold.
   It insulates you from electricity.
   It affects your resistance to hostile enchantments.
 X - a cursed ring of teleportation {unknown}
 Y - the ring "Vaadaygg" {rN+ Dex+3 SInv, unknown}
   (You found it on level 5 of the Pits of Slime)

   [ring of see invisible]

   It affects your dexterity (+3).
   It protects you from negative energy.
   It lets you see invisible.
Wands
 a - a wand of acid (25) {@v1}
 e - a wand of iceblast (19) {@v2}
 y - a wand of digging (3) {@v3}
 A - a wand of polymorph (20)
Scrolls
 h - 10 scrolls of identify {@r1}
 i - 14 scrolls of teleportation {@r3}
 m - 6 scrolls of remove curse {@r2}
 p - a scroll of brand weapon
 q - 2 scrolls of magic mapping {@r5}
 r - 4 scrolls of immolation {@r4}
 t - a scroll of fear
 N - 7 scrolls of enchant weapon
Potions
 c - a potion of cancellation {unknown}
 d - 4 potions of might {@q3}
 k - 3 potions of heal wounds {@q2}
 n - 9 potions of curing {@q1}
 o - 2 potions of magic
 u - 2 potions of haste {@q4}
 C - 2 potions of flight
 H - 2 potions of lignification {@q7}
 I - 4 potions of stabbing {@q5}
 O - 2 potions of resistance {@q6}
Miscellaneous
 J - a condenser vane (1/2)
 L - a phantom mirror
 P - a box of beasts (2/3)


   Skills:
 + Level 13.5(12.1) Fighting
 - Level 13.4(12.0) Axes
 - Level 12.0(10.6) Staves
 + Level 15.7(14.2) Armour
 + Level 15.7(14.2) Shields
 + Level 16.8(15.3) Invocations
 * Level 20.1(18.5) Evocations


You had 18 spell levels left.
You didn't know any spells.
Your spell library was empty.

Dungeon Overview and Level Annotations

Branches:
Dungeon (15/15)            Temple (1/1) D:7            Lair (6/6) D:11
 Shoals (4/4) Lair:3        Snake (4/4) Lair:4        Slime (5/5) Lair:6
    Orc (0/2) D:12         Depths (5/5) D:15            Zot (5/5) Depths:5
Gauntlet (visited)
 Vaults: D:13-14

Altars:
Ashenzari
Cheibriados
Dithmenos
Elyvilon
Fedhas
Hepliaklqana
Kikubaaqudgha
Makhleb
Nemelex Xobeh
Okawaru
Qazlal
Ru
Sif Muna
Trog
Uskayaw
Vehumet
Wu Jian
Xom
Yredelemnul
Zin
The Shining One
Jiyva

Shops:
D:5 :   Snake:4 ?[   Depths:3 !   Depths:5 (

Portals:
Hell: Depths:3 Depths:5
Abyss: D:4 Depths:2 Depths:4
Pandemonium: Depths:3

Annotations:
D:4 2 transporters, Graouh's ghost, amateur MiFi
D:7 1 runed translucent door, DEFE's ghost, novice DEFi
Lair:3 3 runed translucent doors, Sapher's ghost, novice DDFi; Sygruoh's ghost, journeyman TeAE
Lair:4 3 runed translucent doors, donkeybrains's ghost, journeyman HOMo
Lair:6 2 transporters, 1 exclusion, Una Mij's ghost, journeyman DDFi
Shoals:1 1 runed translucent door
Zot:5 1 runed translucent door, p0werm0de's ghost, veteran DDFi


Innate Abilities, Weirdness & Mutations

You are resistant to damage.
You can heal yourself by infusing magical energy.
You resist negative energy. (rN+)
You passively map a large area around you.
You do not regenerate.
You have a pair of small horns on your head.
Scrolls take you a little longer to read.
You are very clumsy. (Dex -4)
Your body sometimes deteriorates upon taking damage.
You are very frail. (-20% HP)
Your magical capacity is very low. (-20% MP)


Message History

You partially resist.
You feel drained.
The curse toe calls on the powers of darkness!
The Orb Guardian convulses!
Your body is wracked with pain!
* * * LOW HITPOINT WARNING * * *
The Orb Guardian convulses!
The tentacled monstrosity tentacle-slaps you!
* * * LOW HITPOINT WARNING * * *
The tentacled monstrosity tentacle-slaps you but does no damage.
You block the tentacled monstrosity's attack.
The tentacled monstrosity constricts you.
The orb of fire glows yellow.
Strange energies course through your body.
You feel less energetic. You block the deathcap's attack.
The wandering mushroom is engulfed in blazing flames.
You block the deathcap's attack.
The wandering mushroom is engulfed in blazing flames.
The wandering mushroom releases spores at you but does no damage.
Really read with blurry vision while enemies are nearby?
You are engulfed in negative energy.
You resist. You partially resist.
You feel drained.
* * * LOW HITPOINT WARNING * * *
You hear some strange, mumbled words.
The curse toe gestures.
You begin reading the scroll.
You continue reading the scroll.
You are engulfed in negative energy.
You resist. You partially resist.
You feel drained.
The wandering mushroom disappears in a puff of smoke! x2
You block the tentacled monstrosity's attack.
The tentacled monstrosity tentacle-slaps you but does no damage. x2
The tentacled monstrosity constricts you.
The deathcap releases spores at you but does no damage.
The orb of fire glows deep purple.
Strange energies course through your body.
A pair of horns grows on your head!
Your +0 helmet falls away!
The wandering mushroom is engulfed in blazing flames.
The wandering mushroom releases spores at you but does no damage.
The deathcap releases spores at you but does no damage.
The blizzard demon waves its arms in wide circles.
The air twists around and strikes you.
As you read the scroll of fear, it crumbles to dust.
You assume a fearsome visage.
The wandering mushroom is unaffected.
The Orb Guardian easily resists.
The Orb Guardian resists with almost no effort.
The orb of fire is unaffected. x2; The deathcap is unaffected.
The Orb Guardian looks frightened!
The blizzard demon is unaffected.
The tormentor is unaffected.
The deathcap is unaffected.
The tentacled monstrosity is unaffected.
The deathcap is unaffected.
The wandering mushroom is unaffected. x4
The curse toe is unaffected.
You don't have enough innate magic capacity.
You hit the deathcap.
You electrocute the deathcap!!
You headbutt the deathcap!
The deathcap is almost destroyed.
You are engulfed in negative energy.
You resist. You partially resist.
You feel drained.
* * * LOW HITPOINT WARNING * * *
You block the tentacled monstrosity's attack. x2
The tentacled monstrosity tentacle-slaps you but does no damage.
* * * LOW HITPOINT WARNING * * *
The tentacled monstrosity constricts you.
You block the deathcap's attack.
The wandering mushroom is engulfed in blazing flames.
The wandering mushroom releases spores at you but does no damage.
The deathcap releases spores at you but does no damage.
You hit the deathcap.
You destroy the deathcap!
You are engulfed in negative energy.
You resist. You partially resist.
You feel drained.
The wandering mushroom is engulfed in blazing flames.
The tentacled monstrosity barely misses you.
You block the tentacled monstrosity's attack. x2
The tentacled monstrosity constricts you.
The curse toe gestures.
You hit the wandering mushroom. You crush the wandering mushroom!
You headbutt the wandering mushroom.
The wandering mushroom is heavily damaged.
You are engulfed in negative energy.
You resist. You partially resist.
You feel drained.
The wandering mushroom disappears in a puff of smoke!
The deathcap releases spores at you!
* * * LOW HITPOINT WARNING * * *
You are engulfed in a cloud of spores!
You are confused.
You sock the wandering mushroom! You burn the wandering mushroom!
The wandering mushroom is almost destroyed.
You are engulfed in negative energy.
You resist. You partially resist.
You feel drained.
* * * LOW HITPOINT WARNING * * *
The wandering mushroom disappears in a puff of smoke!
The tentacled monstrosity tentacle-slaps you but does no damage.
The tentacled monstrosity tentacle-slaps you.
* * * LOW HITPOINT WARNING * * *
The tentacled monstrosity tentacle-slaps you but does no damage.
The tentacled monstrosity constricts you.
The curse toe calls on the powers of darkness!
You feel a surge of unholy energy.
The Orb Guardian convulses!
The wandering mushroom releases spores at you but does no damage.
The deathcap releases spores at you!
You die...

..,,,,***,.^.....X^.....***,,,,,,
..,,,,* *#.§§.§§§§§....#* *,,,,,,
..,,^,* #.§.§§§§§§....# *,,,,,,
..,,,,* *#..§§§○§§...#* *,,,,,,
..,,,,* #....○..§○..# *,,,,,,
..,,,,* ##....§§§.○[.## *,,,,,,
..,,,** #....ff2f2○..X# **,,,,,
..,^** *#....f○*X[)...## **,,,,
,,,** *.....ff@*z)○...# **,,^
**** ▓▓########f######## ▓####
,,* #........fXX,,,,,,* #...# ,,*
*............,,,,,* #...# ,,**
*#............,,,** ##.... ,,,*
#.<...........,,* #.⌠... ,.,*
###..............** #...^.
,..*##...............## ##.....
....#.....).......,,** ##...###


You could see 2 orbs of fire, a tentacled monstrosity, a curse toe, 3 Orb
Guardians, a blizzard demon (summoned), 4 deathcaps, 4 wandering mushrooms and a
tormentor (summoned).

Vanquished Creatures
  the Royal Jelly (Slime:5)
  Vashnia (Snake:4)
  3 golden dragons
  Jorgrun (D:12)
  2 liches
  A tentacled monstrosity (Zot:1)
  7 Orb Guardians (Zot:5)
  2 quicksilver dragons
  3 death cobs
  A titan (Depths:2)
  3 sphinxes
  A shadow dragon (Depths:3)
  11 acid blobs
  2 tengu reavers
  Donald (Snake:4)
  3 storm dragons
  6 azure jellies
  2 draconian monks (Zot:5)
  4 nagarajas (Snake:4)
  3 draconian knights
  2 frost giants
  5 fire giants
  An iron dragon (Depths:3)
  A balrug (Depths:3)
  A draconian scorcher (Zot:2)
  A spriggan defender (Depths:3)
  3 draconian shifters
  3 draconian annihilators
  4 green draconians
  5 very ugly things
  9 stone giants
  A vampire knight (Depths:2)
  3 red draconians
  5 white draconians
  A minotaur (Gauntlet)
  Azrael (D:12)
  4 yellow draconians
  4 purple draconians
  The ghost of Moxtal the Destroyer, a journeyman DrCj of Vehumet (D:12)
  An ettin (Depths:3)
  2 death oozes (Slime:5)
  3 merfolk impalers
  4 fire dragons
  3 yaktaur captains
  Josephine (Lair:6)
  7 ice dragons
  An ogre mage (Depths:2)
  2 rakshasas
  7 great orbs of eyes
  Harold (D:10)
  10 hydras
  11 naga warriors
  A spriggan air mage (Depths:3)
  A merfolk avatar (Shoals:1)
  A catoblepas (D:13)
  An anaconda (Snake:4)
  2 centaur warriors
  5 merfolk aquamancers
  3 two-headed ogres
  4 deep troll earth magi
  4 tengu warriors (Depths:3)
  6 death yaks (D:11)
  A vampire mage (Depths:3)
  3 deep troll shamans
  A shock serpent (Snake:3)
  7 naga sharpshooters (Snake:4)
  A sun demon (Depths:3)
  5 spriggan berserkers
  4 salamander mystics (Snake:4)
  7 hell knights
  2 iron trolls (Depths:2)
  A wizard (Depths:3)
  6 sea snakes
  5 deep trolls
  3 flayed ghosts
  3 glowing orange brains
  3 unseen horrors
  A death drake (shapeshifter) (Depths:3)
  A naga ritualist (Snake:4)
  5 harpies
  2 necromancers (Depths:5)
  4 mana vipers (Snake:4)
  An orc knight (D:15)
  2 wolf spiders
  An orc sorcerer (D:15)
  A deep elf mage (D:12)
  22 ugly things
  A shining eye (Slime:3)
  4 salamanders
  9 moths of wrath
  7 manticores
  3 cyclopes
  10 guardian serpents
  5 merfolk sirens (Shoals:4)
  An elephant (shapeshifter) (Depths:2)
  2 rust devils (Depths:3)
  2 water nymphs
  6 naga magi (Snake:4)
  20 elephants
  14 black mambas
  2 torpor snails (Gauntlet)
  A gargoyle (D:15)
  5 cane toads
  2 rime drakes
  2 efreet
  5 tengu conjurers
  A yaktaur (Depths:3)
  6 komodo dragons
  14 merfolk
  2 wind drakes
  3 meliai (D:15)
  A hornet (D:10)
  4 blink frogs (Lair:5)
  2 trolls (D:12)
  Prince Ribbit (D:7)
  2 snapping turtles
  41 slime creatures
  8 dream sheep
  A meliai zombie (D:13)
  2 redbacks (D:12)
  10 hippogriffs
  6 wraiths
  6 wyverns
  A redback (shapeshifter) (D:15)
  40 yaks
  10 water elementals
  2 humans (D:8)
  3 fire elementals (D:12)
  A steam dragon (D:9)
  A vampire mosquito (D:10)
  37 nagas
  A warg (D:15)
  2 hell hounds (D:12)
  4 acid dragons (D:12)
  19 water moccasins
  4 porcupines
  Duvessa (D:7)
  A floating eye (Slime:2)
  4 ice beasts
  A sky beast (D:10)
  3 orc warriors
  2 phantoms
  2 ogres
  3 black bears
  2 eyes of draining (Slime:5)
  9 centaurs
  5 wolves (Gauntlet)
  9 crocodiles
  9 bullfrogs
  A big kobold (D:7)
  A gnoll sergeant (D:6)
  Dowan (D:7)
  2 scorpions
  3 killer bees (D:8)
  19 wights
  An electric eel (Lair:3)
  A howler monkey (D:7)
  2 quasits
  16 orc wizards
  2 centaur zombies
  7 orc priests
  7 jellies
  Crazy Yiuf (D:5)
  A bullfrog skeleton (D:9)
  3 centaur skeletons
  5 hounds
  7 iguanas
  14 worker ants
  7 hell rats (Lair:4)
  A hound zombie (D:10)
  10 gnolls
  14 adders
  A shadow imp (D:5)
  4 white imps
  An ufetubus (D:9)
  2 adder zombies
  A worm (D:2)
  An adder skeleton (D:7)
  4 leopard geckos
  47 orcs
  7 bats
  4 giant cockroaches (D:4)
  A goblin (D:1)
  4 hobgoblins (D:1)
  7 jackals
  4 quokkas
  2 frilled lizards
  6 kobolds
  A quokka skeleton (D:4)
  4 rats
900 creatures vanquished.

Vanquished Creatures (collateral kills)
  A curse toe (Zot:5)
  An acid blob (Slime:5)
  2 merfolk impalers (Shoals:4)
  A merfolk javelineer (Shoals:4)
  A death ooze (Slime:2)
  A naga warrior (Snake:4)
  A merfolk aquamancer (Shoals:4)
  A satyr (Shoals:4)
  An anaconda (Snake:4)
  A naga sharpshooter (Snake:4)
  2 naga ritualists (Snake:4)
  2 fauns (Shoals:4)
  A mana viper (Snake:4)
  A salamander (Snake:4)
  3 merfolk sirens (Shoals:4)
  A moth of wrath (Zot:5)
  A guardian serpent (Snake:4)
  A naga mage (Snake:4)
  4 black mambas (Snake:4)
  A wind drake (Shoals:4)
  3 merfolk (Shoals:4)
  7 nagas (Snake:4)
38 creatures vanquished.

Vanquished Creatures (others)
  A nagaraja (Snake:4)
  2 draconian knights
  A merfolk impaler (Shoals:4)
  A merfolk aquamancer (Shoals:4)
  A deep elf mage (D:12)
  A guardian serpent (Snake:4)
  3 nagas
  An orc warrior (D:10)
  An orc priest (D:12)
  An orc wizard (D:12)
  An adder (D:12)
  An orc (D:12)
  17 fungi
  75 plants
107 creatures vanquished.

Grand Total: 1045 creatures vanquished

Notes
Turn   | Place    | Note
-------+----------+-------------------------------------------
     0 | D:1      | EnegeticOcto the Deep Dwarf Fighter began the quest for the
                  | Orb.
     0 | D:1      | Reached XP level 1. HP: 20/20 MP: 1/1
   143 | D:1      | Reached XP level 2. HP: 17/27 MP: 2/2
   226 | D:1      | Reached XP level 3. HP: 30/33 MP: 3/3
   481 | D:3      | Reached XP level 4. HP: 18/42 MP: 4/4
   583 | D:3      | Noticed an ice beast
   602 | D:3      | Killed an ice beast
   602 | D:3      | Reached XP level 5. HP: 37/49 MP: 5/5
   749 | D:4      | Found a hide-covered altar of Uskayaw.
   750 | D:4      | Found a basalt altar of Yredelemnul.
   781 | D:4      | Reached XP level 6. HP: 54/56 MP: 6/6
   912 | D:4      | Reached skill level 5 in Axes
  1097 | D:4      | Reached XP level 7. HP: 64/64 MP: 7/7
  1149 | D:4      | Reached skill level 5 in Shields
  1154 | D:4      | Found a transporter.
  1156 | D:4      | Found a transporter.
  1159 | D:4      | Found a one-way gate to the infinite horrors of the Abyss.
  1159 | D:4      | Noticed Graouh's ghost (amateur MiFi)
  1199 | D:4      | Noticed a toenail golem
  1284 | D:4      | Reached skill level 5 in Armour
  1354 | D:5      | Entered Level 5 of the Dungeon
  1679 | D:5      | Found a runed translucent door.
  1680 | D:5      | Noticed Crazy Yiuf
  1914 | D:5      | Found Cuhonta's Book Boutique.
  2008 | D:5      | Found an ancient bone altar of Kikubaaqudgha.
  2008 | D:5      | Found a shadowy altar of Dithmenos.
  2224 | D:5      | Killed Crazy Yiuf
  2305 | D:6      | Reached XP level 8. HP: 70/73 MP: 7/7
  2550 | D:6      | Reached skill level 5 in Fighting
  2787 | D:7      | Noticed Prince Ribbit
  2862 | D:7      | Found a staircase to the Ecumenical Temple.
  2881 | Temple   | Entered the Ecumenical Temple
  2910 | Temple   | Became a worshipper of Makhleb the Destroyer
  2974 | D:7      | Noticed Dowan
  2975 | D:7      | Noticed Duvessa
  2989 | D:7      | Killed Duvessa
  2989 | D:7      | Reached skill level 1 in Invocations
  2997 | D:7      | Killed Dowan
  2997 | D:7      | Gained mutation: You passively map the area around you.
                  | [Deep Dwarf growth]
  2997 | D:7      | Reached XP level 9. HP: 79/81 MP: 7/7
  3112 | D:7      | Found a runed translucent door.
  3112 | D:7      | Noticed DEFE's ghost (novice DEFi)
  3230 | D:7      | Killed Prince Ribbit
  3237 | D:7      | Reached * piety under Makhleb
  3503 | D:8      | Noticed a two-headed ogre
  3531 | D:8      | Killed a two-headed ogre
  3621 | D:8      | Found an iron altar of Okawaru.
  3644 | D:8      | Reached XP level 10. HP: 81/92 MP: 9/9
  3685 | D:8      | Reached skill level 10 in Axes
  4037 | D:9      | Identified a scroll of acquirement
  4037 | D:9      | Acquired a scarf of resistance
  4102 | D:9      | Reached skill level 5 in Invocations
  4239 | D:9      | Found a shattered altar of Ashenzari.
  4272 | D:9      | Reached ** piety under Makhleb
  4827 | D:10     | Entered Level 10 of the Dungeon
  4943 | D:10     | Noticed Maurice
  4960 | D:10     | Noticed Maurice
  4970 | D:10     | Paralysed by Maurice for 2 turns
  4976 | D:10     | Killed Maurice the hornet
  5111 | D:10     | Noticed a two-headed ogre
  5143 | D:10     | Killed a two-headed ogre
  5272 | D:10     | Killed an unseen horror
  5272 | D:10     | Reached XP level 11. HP: 89/100 MP: 10/10
  5501 | D:10     | Noticed Harold
  5519 | D:10     | Killed Harold
  5927 | D:11     | Reached *** piety under Makhleb
  5940 | D:11     | Noticed a death yak
  5940 | D:11     | Noticed a death yak
  5942 | D:11     | Noticed a death yak
  5942 | D:11     | Found a staircase to the Lair.
  5942 | D:11     | Noticed a death yak
  5942 | D:11     | Noticed a death yak
  5942 | D:11     | Noticed a death yak
  5996 | D:11     | Killed a death yak
  6002 | D:11     | Killed a death yak
  6018 | D:11     | Killed a death yak
  6023 | D:11     | Killed a death yak
  6024 | D:11     | Killed a death yak
  6027 | D:11     | Killed a death yak
  6511 | D:12     | Found a staircase to the Orcish Mines.
  6545 | D:12     | Reached XP level 12. HP: 110/110 MP: 12/12
  6591 | D:12     | Noticed a two-headed ogre
  6603 | D:12     | Killed a two-headed ogre
  6633 | D:12     | Reached **** piety under Makhleb
  6670 | D:12     | Noticed Azrael
  6675 | D:12     | Reached skill level 10 in Armour
  6694 | D:12     | Reached skill level 10 in Shields
  6700 | D:12     | Killed Azrael
  6733 | D:12     | Noticed a four-headed hydra
  6751 | D:12     | Killed a one-headed hydra
  6783 | D:12     | Acquired the +3 Elemental Staff {rElec rF++ rC++ MR++ AC+5}
  6784 | D:12     | Found the +3 Elemental Staff {rElec rF++ rC++ MR++ AC+5}
  6808 | D:12     | Found a transporter.
  6812 | D:12     | Noticed Jorgrun
  6812 | D:12     | Noticed Moxtal's ghost (journeyman DrCj)
  6884 | D:12     | Killed Jorgrun
  6884 | D:12     | Reached skill level 1 in Staves
  6884 | D:12     | Reached skill level 2 in Evocations
  6888 | D:12     | Noticed a seven-headed hydra
  6914 | D:12     | Found a transporter.
  7021 | D:12     | Reached skill level 3 in Evocations
  7169 | D:12     | Reached skill level 4 in Evocations
  7171 | D:12     | Killed a seven-headed hydra
  7181 | D:12     | HP: 1/114 [Moxtal's ghost/magic dart (11)]
  7213 | D:12     | Killed Moxtal's ghost
  7213 | D:12     | Reached XP level 13. HP: 96/121 MP: 8/8
  7217 | D:12     | Got a pair of jewelled gloves
  7223 | D:12     | Identified the +3 pair of gloves of Yclomomnoe {Str+3} (You
                  | found it on level 12 of the Dungeon)
  7227 | D:12     | Acquired a +1 pair of boots of rampaging
  7328 | Lair:1   | Entered Level 1 of the Lair of Beasts
  7359 | Lair:2   | Reached skill level 10 in Invocations
  7446 | Lair:2   | Reached skill level 5 in Evocations
  8052 | Lair:3   | Found a runed translucent gate.
  8062 | Lair:3   | Found a runed translucent gate.
  8155 | Lair:3   | Found a runed translucent gate.
  8157 | Lair:3   | Noticed Sapher's ghost (novice DDFi)
  8157 | Lair:3   | Noticed Sygruoh's ghost (journeyman TeAE)
  8212 | Lair:3   | Found a staircase to the Shoals.
  8742 | Lair:4   | Reached ***** piety under Makhleb
  8817 | Lair:4   | Reached skill level 6 in Evocations
  8891 | Lair:4   | Found a staircase to the Snake Pit.
  8927 | Lair:4   | Found a gate leading to a gauntlet.
  8927 | Lair:4   | Found a runed translucent gate.
  8927 | Lair:4   | Found a runed translucent gate.
  8927 | Lair:4   | Found a runed translucent gate.
  8959 | Gauntlet | Entered a Gauntlet
  8959 | Gauntlet | Found a transporter.
  8959 | Gauntlet | Found a transporter.
  8968 | Gauntlet | Found a transporter.
  9025 | Gauntlet | Found a transporter.
  9065 | Gauntlet | Found a transporter.
  9119 | Gauntlet | Found a transporter.
  9132 | Gauntlet | Found a transporter.
  9149 | Gauntlet | Reached skill level 7 in Evocations
  9171 | Gauntlet | Got a sparkling lapis lazuli ring
  9173 | Gauntlet | Identified the cursed ring "Fylimoix" {rC+ rN+ MR+ Str-4
                  | Int-2} (You found it in a Gauntlet)
  9177 | Gauntlet | Found a transporter.
  9183 | Gauntlet | Noticed a minotaur
  9195 | Gauntlet | Killed a minotaur
  9195 | Gauntlet | Reached skill level 5 in Staves
  9198 | Gauntlet | Identified the Compendium of Sinister Transmutation
  9247 | Lair:4   | Found the +2 hat of the Bear Spirit {Spirit, +Rage rN+
                  | MR++}
  9444 | Lair:4   | Noticed donkeybrains's ghost (journeyman HOMo)
  9554 | Lair:4   | Reached skill level 8 in Evocations
  9838 | Lair:4   | Noticed a minotaur
 10163 | Lair:5   | Gained mutation: You resist negative energy. (rN+) [Deep
                  | Dwarf growth]
 10163 | Lair:5   | Reached XP level 14. HP: 125/129 MP: 8/8
 10331 | Lair:5   | Reached skill level 9 in Evocations
 10345 | Lair:5   | Reached ****** piety under Makhleb
 10542 | Lair:5   | Found the +8 lance "Wyrmbane" {slay drac, rPois rF+ rC+
                  | AC+3}
 10847 | Lair:6   | Entered Level 6 of the Lair of Beasts
 10944 | Lair:6   | Found a transporter.
 10947 | Lair:6   | Noticed Una Mij's ghost (journeyman DDFi)
 10951 | Lair:6   | Found a transporter.
 11232 | Lair:6   | Found a viscous altar of Jiyva.
 11232 | Lair:6   | Found a staircase to the Slime Pits.
 11256 | Lair:6   | Reached skill level 10 in Fighting
 11256 | Lair:6   | Reached skill level 10 in Evocations
 11310 | Lair:6   | Noticed Josephine
 11327 | Lair:6   | Killed Josephine
 11606 | Snake:1  | Entered Level 1 of the Snake Pit
 11796 | Snake:2  | Identified the cursed +1 plate armour "Saonn" {Stlth+} (You
                  | found it on level 2 of the Snake Pit)
 11840 | Snake:4  | Entered Level 4 of the Snake Pit
 11840 | Snake:4  | Found Nita's Magic Scroll Emporium.
 11841 | Snake:4  | Found Sihomuat's Assorted Antiques.
 11844 | Snake:4  | Bought a scroll of teleportation for 51 gold pieces
 11844 | Snake:4  | Bought a scroll of blinking for 127 gold pieces
 11844 | Snake:4  | Bought a scroll of immolation for 59 gold pieces
 11844 | Snake:4  | Bought a scroll of blinking for 127 gold pieces
 11844 | Snake:4  | Bought a scroll of teleportation for 51 gold pieces
 11848 | Snake:4  | Bought a scroll of enchant armour for 127 gold pieces
 11904 | Snake:4  | Reached skill level 11 in Evocations
 11942 | Snake:4  | Noticed a nagaraja
 11944 | Snake:4  | Noticed a nagaraja
 11948 | Snake:4  | Noticed Vashnia
 11960 | Snake:4  | Killed a nagaraja
 11964 | Snake:4  | Reached XP level 15. HP: 83/138 MP: 5/8
 11969 | Snake:4  | Killed a nagaraja
 11984 | Snake:4  | Killed Vashnia
 11987 | Snake:4  | Found Jiqy's Armour Boutique.
 12002 | Snake:4  | Noticed a nagaraja
 12020 | Snake:4  | Killed a nagaraja
 12020 | Snake:4  | Reached skill level 12 in Evocations
 12101 | Snake:4  | Noticed a nagaraja
 12126 | Snake:4  | Killed a nagaraja
 12296 | Snake:4  | Identified the cursed +0 kite shield of Indestructible
                  | Mirth {rPois rCorr Slay+5 Stlth+}
 12296 | Snake:4  | Noticed Donald
 12316 | Snake:4  | Noticed a nagaraja
 12319 | Snake:4  | Killed Donald
 12319 | Snake:4  | Reached skill level 13 in Evocations
 12341 | Snake:4  | Killed a nagaraja
 12360 | Snake:4  | Got a serpentine rune of Zot
 12518 | Shoals:1 | Entered Level 1 of the Shoals
 12650 | Shoals:1 | Reached XP level 16. HP: 96/148 MP: 8/8
 12680 | Shoals:1 | Found a runed translucent door.
 12779 | Shoals:1 | Reached skill level 10 in Staves
 13010 | Shoals:4 | Entered Level 4 of the Shoals
 13069 | Shoals:4 | Reached skill level 14 in Evocations
 13112 | Shoals:4 | Got a barnacled rune of Zot
 13308 | Slime:1  | Entered Level 1 of the Pits of Slime
 13308 | Slime:1  | Noticed an acid blob
 13315 | Slime:1  | Killed an acid blob
 13319 | Slime:2  | Noticed an acid blob
 13319 | Slime:2  | Noticed an acid blob
 13328 | Slime:2  | Killed an acid blob
 13358 | Slime:2  | Killed an acid blob
 13428 | Slime:3  | Gained mutation: You are clumsy. (Dex -2) [a shining eye]
 13434 | Slime:3  | Gained mutation: Your body sometimes deteriorates upon
                  | taking damage. [a shining eye]
 13713 | Slime:4  | Noticed an acid blob
 13733 | Slime:4  | Killed an acid blob
 13876 | Slime:5  | Entered Level 5 of the Pits of Slime
 13894 | Slime:5  | Reached skill level 15 in Evocations
 14017 | Slime:5  | Noticed an acid blob
 14039 | Slime:5  | Killed an acid blob
 14085 | Slime:5  | Found the +3 robe of Clouds {+Thunder rCloud rElec}
 14086 | Slime:5  | Found a viscous altar of Jiyva.
 14087 | Slime:5  | Noticed an acid blob
 14087 | Slime:5  | Noticed the Royal Jelly
 14097 | Slime:5  | Killed an acid blob
 14097 | Slime:5  | Reached XP level 17. HP: 140/157 MP: 1/8
 14099 | Slime:5  | Noticed an acid blob
 14100 | Slime:5  | Noticed an acid blob
 14100 | Slime:5  | Noticed an acid blob
 14112 | Slime:5  | Killed the Royal Jelly
 14112 | Slime:5  | Noticed an acid blob
 14117 | Slime:5  | Killed an acid blob
 14119 | Slime:5  | Killed an acid blob
 14119 | Slime:5  | Killed an acid blob
 14133 | Slime:5  | Noticed an acid blob
 14137 | Slime:5  | Killed an acid blob
 14141 | Slime:5  | Noticed an acid blob
 14143 | Slime:5  | Killed an acid blob
 14149 | Slime:5  | Killed an acid blob
 14163 | Slime:5  | Got a twitching iron amulet
 14193 | Slime:5  | Identified the Disquisition on Floating Orientation
 14218 | Slime:5  | Got a heavily runed amber ring
 14252 | Slime:5  | Got a slimy rune of Zot
 14254 | Slime:5  | Got a clouded golden ring
 14268 | Slime:5  | Acquired 1080 gold pieces
 14500 | Snake:4  | Bought +2 gold dragon scales for 1840 gold pieces
 14911 | D:15     | Entered Level 15 of the Dungeon
 15357 | D:15     | Found a staircase to the Depths.
 15382 | Depths:1 | Entered Level 1 of the Depths
 15434 | Depths:2 | Noticed a golden dragon
 15446 | Depths:2 | Reached skill level 16 in Evocations
 15461 | Depths:2 | Killed a golden dragon
 15755 | Depths:2 | Noticed a titan
 15764 | Depths:2 | Killed a titan
 15860 | Depths:3 | Gained mutation: You passively map a large area around you.
                  | [Deep Dwarf growth]
 15860 | Depths:3 | Reached XP level 18. HP: 168/168 MP: 9/9
 15944 | Depths:3 | Found a one-way gate leading to the halls of Pandemonium.
 16007 | Depths:3 | Reached skill level 17 in Evocations
 16253 | Depths:3 | Reached skill level 15 in Invocations
 16374 | Depths:3 | Noticed a lich
 16397 | Depths:3 | Killed a lich
 16491 | Depths:3 | Reached skill level 18 in Evocations
 16770 | Depths:3 | Found a gateway to Hell.
 16883 | Depths:3 | Identified the ring "Leum" {+Blink rPois rN+++ Str+2 Dex-4}
                  | (You found it on level 3 of the Depths)
 16900 | Depths:3 | Found Exzutar's Distillery.
 16928 | Depths:3 | Bought a potion of resistance for 110 gold pieces
 16972 | Depths:5 | Entered Level 5 of the Depths
 17122 | Depths:5 | Reached XP level 19. HP: 177/177 MP: 10/10
 17128 | Depths:5 | Found Suoteas's Weapon Boutique.
 17150 | Depths:5 | Reached skill level 15 in Shields
 17168 | Depths:5 | Reached skill level 15 in Armour
 17169 | Depths:5 | Noticed a golden dragon
 17198 | Depths:5 | Killed a golden dragon
 17235 | Depths:5 | Reached skill level 19 in Evocations
 17259 | Depths:5 | Found a gate to the Realm of Zot.
 17268 | Zot:1    | Entered Level 1 of the Realm of Zot
 17550 | Zot:3    | Noticed a golden dragon
 17563 | Zot:3    | Killed a golden dragon
 17576 | Zot:5    | Entered Level 5 of the Realm of Zot
 17580 | Zot:5    | Noticed a curse toe
 17589 | Zot:5    | Killed a curse toe
 17669 | Zot:5    | Found a runed translucent door.
 17669 | Zot:5    | Noticed p0werm0de's ghost (veteran DDFi)
 17829 | Zot:5    | Noticed an ancient lich
 17829 | Zot:5    | Noticed an electric golem
 17831 | Zot:5    | Noticed a Killer Klown
 17831 | Zot:5    | Noticed an orb of fire
 17831 | Zot:5    | Noticed an ancient lich
 17832 | Zot:5    | Noticed an electric golem
 17832 | Zot:5    | Noticed a Killer Klown
 17833 | Zot:5    | Noticed an ancient lich
 17833 | Zot:5    | Noticed an orb of fire
 17837 | Zot:5    | Gained mutation: Scrolls take you a little longer to read.
                  | [an orb of fire]
 17844 | Zot:5    | Gained mutation: You are very clumsy. (Dex -4) [an orb of
                  | fire]
 17845 | Zot:5    | Noticed an orb of fire
 17845 | Zot:5    | Noticed an orb of fire
 17845 | Zot:5    | Noticed a Killer Klown
 17846 | Zot:5    | Got the Orb of Zot
 17852 | Zot:5    | Noticed a curse toe
 17859 | Zot:5    | Gained mutation: You are frail. (-10% HP) [an orb of fire]
 17864 | Zot:5    | Gained mutation: You are very frail. (-20% HP) [an orb of
                  | fire]
 17870 | Zot:5    | Reached skill level 20 in Evocations
 17872 | Zot:5    | Gained mutation: Your magical capacity is low. (-10% MP)
                  | [an orb of fire]
 17878 | Zot:5    | Noticed an ancient lich
 17886 | Zot:5    | Gained mutation: Your magical capacity is very low. (-20%
                  | MP) [an orb of fire]
 17888 | Zot:5    | Gained mutation: You have a pair of small horns on your
                  | head. [an orb of fire]
 17892 | Zot:5    | HP: 4/144 [cloud of negative energy (4)]
 17892 | Zot:5    | HP: 1/144 [tentacled monstrosity (3)]
 17892 | Zot:5    | Slain by a deathcap

Illustrated notes

Levels and vault maps discovered:
D:1:      lightli_arrival_maybe_door_vault, layout_loops_cross
D:2:      layout_basic, lemuel_coloured_pillars_altar,
          roderic_cross_of_infinity, tso_metal_star
D:3:      layout_basic
D:4:      layout_basic, chequers_temple_overflow_statue_of_worship,
          gammafunk_ghost_abyssal_escape
D:5:      layout_loops_ring, gammafunk_temple_overflow_pools, serial_shops,
          nicolae_shop_trees, palyth_stone_intersect, uniq_crazy_yiuf_cottage
D:6:      layout_cave_pools
D:7:      layout_basic, minmay_temple_entry_sparse_star,
          hellmonk_ghost_happy_afterlife, hangedman_abyss_or_decor_slice,
          uniq_prince_ribbit1, uniq_duvessa
D:8:      layout_rooms, okawaru_humans
D:9:      layout_stronghold, basic_altar
D:10:     layout_basic, onia_ninara_cookie, uniq_maurice, uniq_harold
D:11:     layout_loops_cross, dpeg_lair_monsters, nrook_guardian_serpent_double
D:12:     layout_rooms, gammafunk_ghost_berserking_beasts, uniq_azrael,
          uniq_jorgrun
D:13:     layout_roguey, hangedman_vaults_entry_quadrant_bands
D:14:     layout_roguey, serial_corexii_hall, chequers_hall_statues_corner_a,
          corexii_hall_statues_u, corexii_hall_statues_i,
          minmay_misc_feat_cross, wad_floor_pattern_1
D:15:     hangedman_depths_entry_try_elsewhere_first, layout_loops_cross,
          columned_hall_lemuel
Temple:   lightli_temple_of_artemis
Lair:1:   layout_hall_layers
Lair:2:   layout_roguey
Lair:3:   layout_gridlike, elwin_shoals_entry_rocks, gammafunk_ghost_cemetery
Lair:4:   layout_regular_city, minmay_snake_entry_six_corridors,
          maelrawn_ghost_gauntlet_escape, gauntlet_entry_generic,
          infiniplex_staircase_pool_2
Lair:5:   layout_gridlike
Lair:6:   evilmike_catoblepas_cave, layout_gridlike,
          dpeg_slime_entry_enclosed_altar, gammafunk_ghost_arena, uniq_josephine
Shoals:1: cheibrodos_shoals_gigantism, layout_shoals, lightli_airlock
Shoals:2: layout_shoals, ebering_ghost_reflecting_pool
Shoals:3: layout_shoals, ebering_ghost_gozag, centaur_isle, uniq_nikola
Shoals:4: shoals_end_simple, layout_shoals, nicolae_shoals_aquamancer_cove
Snake:1:  layout_onion, nicolae_snake_biting_tails, grunt_ministairs_14
Snake:2:  layout_onion
Snake:3:  layout_grid_shapes, special_room
Snake:4:  johnstein_snake_rune_scales, layout_rooms, serial_shops,
          nicolae_shop_stone, nicolae_shop_crystal, shop_fountains, shop,
          nicolae_snake_shapes, lemuel_fruit_tree, uniq_donald
Slime:1:  layout_caves, basic_altar
Slime:2:  layout_caves, basic_altar
Slime:3:  layout_caves, nicolae_slime_barrier
Slime:4:  cheibrodos_slime_lost_civilization_8, layout_caves
Slime:5
Depths:1: dpeg_oklob_gauntlet, layout_basic, enter_ziggurat_e, abyss_entry,
          hangedman_coc_ice_floe, minmay_misc_feat_more_columns,
          kennysheep_generic_room_4
Depths:2: hangedman_arch_fort, layout_cave_pools, minmay_misc_feat_hallway,
          abyss_entry, pf_vacation_house_of_asmodeus
Depths:3: minmay_the_grid_3x3 [minmay_the_grid_tiny_cups,
          minmay_the_grid_dragon_a, minmay_the_grid_spin_star,
          minmay_the_grid_minigrid_small, minmay_the_grid_gridbox,
          minmay_the_grid_box_x, minmay_the_grid_tree, minmay_the_grid_armoury,
          minmay_the_grid_prize_four_corners], layout_gridlike, hell_entry,
          infiniplex_staircase_diamond, serial_shops, shop,
          rand_demon_pan_entry_5
Depths:4: grunt_arcs, layout_gridville, abyss_entry, rand_demon_pan_entry_4,
          nicolae_lava_and_water, hell_entry
Depths:5: grunt_zot_entry_bicorn, layout_cave_pools, hell_entry, serial_shops,
          shop, chequers_serial_rivers_micro_e
Zot:1:    layout_misc_corridors, grunt_ministairs_1
Zot:2:    layout_twisted_circle, hangedman_zot_decor_scrapings
Zot:3:    layout_misc_corridors, grunt_megastairs_2
Zot:4:    layout_misc_corridors, drop_trap, nicolae_zot_crop_circle,
          lemuel_elevator, grunt_megastairs_1
Zot:5:    layout_onion, gammafunk_ghost_grave, hangedman_zot_decor_slant,
          st_stairs_8

Skill      XL: |  1  2  3  4  5  6  7  8  9 10 11 12 13 14 15 16 17 18 19 |
---------------+----------------------------------------------------------+-----
Axes           | 3 4 5 6 8 9 11 12 13 | 13.4
Fighting       | 3 4 5 6 7 8 9 10 11 12 13 | 13.5
Armour         | 4 5 6 7 8 9 10 11 12 13 14 15 | 15.7
Shields        | 4 5 6 7 8 9 10 11 12 13 14 15 | 15.7
Invocations    | 1 4 6 8 9 11 12 13 14 15 16 | 16.8
Staves         | 3 6 8 9 11 12 | 12.0
Evocations     | 4 8 11 13 15 16 18 20 | 20.1

Action                   |  1- 3 |  4- 6 |  7- 9 | 10-12 | 13-15 | 16-18 | 19-21 || total
-------------------------+-------+-------+-------+-------+-------+-------+-------++-------
Melee: War axe           |    88 |   102 |   419 |   606 |       |       |       ||  1215
       Staff             |       |       |       |    64 |  1413 |  1310 |   320 ||  3107
       Scimitar          |       |       |       |     5 |       |       |       ||     5
       Headbutt          |       |       |       |       |       |       |     2 ||     2
Throw: Throwing net      |       |       |       |       |       |     3 |       ||     3
Invok: Lesser Servant of |       |       |       |       |     1 |     3 |       ||     4
       Greater Servant o |       |       |       |       |     5 |       |       ||     5
 Abil: Heal Wounds       |     2 |     5 |    13 |    44 |    12 |    18 |    15 ||   109
Evoke: Wand              |       |       |       |    16 |       |     3 |       ||    19
       Condenser vane    |       |       |       |       |     4 |     6 |     4 ||    14
       Box of beasts     |       |       |       |       |     3 |     5 |     5 ||    13
       Phantom mirror    |       |       |       |       |       |       |     1 ||     1
  Use: Scroll            |       |       |       |    23 |    14 |     6 |     6 ||    49
       Potion            |       |       |       |       |       |     2 |     5 ||     7
 Stab: Confused          |       |       |       |       |     5 |     2 |       ||     7
       Distracted        |       |       |       |       |     1 |     1 |       ||     2
       Held in net/web   |       |       |       |       |       |     1 |       ||     1
       Invisible         |       |       |       |       |       |       |     1 ||     1
Armor: Scale mail        |    55 |    27 |       |       |       |       |       ||    82
       Plate armour      |       |    34 |   284 |   387 |  1334 |   315 |       ||  2354
       Gold dragon scale |       |       |       |       |       |   463 |   356 ||   819
Dodge: Dodged            |    41 |    25 |   109 |   117 |   437 |   212 |    86 ||  1027
Block: Kite shield       |    66 |    66 |   305 |   667 |  1909 |  1009 |   343 ||  4365
       Reflection        |       |       |       |    11 |    92 |    43 |    10 ||   156

Table legend: (Time is in decaauts)
 A = Elapsed time spent in this place.
 B = Non-inter-level travel time spent in this place.
 C = Inter-level travel time spent in this place.
 D = Time resting spent in this place.
 E = Time spent auto-exploring this place.
 F = Levels seen in this place.
 G = Mean time per level.
                   A        B        C        D        E       F      G
               +--------+--------+--------+--------+--------+-----+--------+
         Total |  17485 |  16011 |   1474 |    444 |   9183 |  46 |  380.1 |
       Dungeon |   8063 |   7579 |    484 |      0 |   5002 |  15 |  537.5 |
        Temple |     48 |     32 |     16 |      0 |      0 |   1 |   48.0 |
          Lair |   4344 |   3897 |    447 |      0 |   2883 |   6 |  724.0 |
        Shoals |    698 |    576 |    122 |      0 |    218 |   4 |  174.5 |
     Snake Pit |    987 |    703 |    284 |      0 |     73 |   4 |  246.8 |
    Slime Pits |    929 |    839 |     90 |    423 |     10 |   5 |  185.8 |
        Depths |   1581 |   1562 |     19 |     11 |    736 |   5 |  316.2 |
           Zot |    544 |    535 |      9 |     10 |    257 |   5 |  108.8 |
      Gauntlet |    286 |    286 |      0 |      0 |      4 |   1 |  286.0 |
               +--------+--------+--------+--------+--------+-----+--------+

Top non-repeatable levels by time:
  Lair:4: 1220 daAuts
     D:5: 947 daAuts
    D:10: 940 daAuts
Depths:3: 935 daAuts
  Lair:5: 835 daAuts
    D:11: 812 daAuts
    D:12: 793 daAuts
  Lair:3: 786 daAuts
  Lair:6: 784 daAuts
     D:9: 757 daAuts
     D:4: 729 daAuts
  Lair:2: 697 daAuts
     D:8: 657 daAuts
     D:7: 647 daAuts
 Snake:4: 575 daAuts
